[Event "Titled Tuesday Blitz March 01 Late 2022"]
[White "Winkels, Marcel"]
[Black "Sarkar, Justin"]
[WhiteFideId "1003887"]
[BlackFideId "2010011"]
[WhiteElo "1900"]
[BlackElo "2038"]
[Result "0-1"]
[Round "06"]
[TimeControl "180+1"]
[Date "2022.03.02"]
[WhiteClock "0:00:05"]
[BlackClock "0:00:08"]

1. b3 b6 2. Bb2 Bb7 3. Nf3 f5 4. g3 Bxf3 5. exf3 e6 6. Bg2 Nf6 7. O-O Be7 8. d4 O-O 9. c4 f4 10. Nc3 Nc6 11. Qd2 Nh5 12. d5 Ne5 13. dxe6 dxe6 14. Qxd8 Raxd8 15. Ne4 Nd3 16. Bc3 Bb4 17. Bxb4 Nxb4 18. Rfd1 h6 19. Bh3 Kf7 20. Rd2 Rxd2 21. Nxd2 Rd8 22. Ne4 Nc2 23. Rc1 Nd4 24. Kg2 c5 25. Bg4 Nf6 26. gxf4 Ne2 27. Rc2 Nxf4+ 28. Kg3 g5 29. Rd2 Nxe4+ 30. fxe4 Rxd2 31. a4 h5 32. Bf3 Rd3 33. h3 Kf6 34. b4 cxb4 35. a5 Ke5 36. axb6 axb6 37. c5 bxc5 38. h4 g4 39. Kh2 Rxf3 40. Kg1 Kxe4 41. Kf1 g3 42. Ke1 Rxf2 43. Kd1 g2 0-1


[Site "https://www.chess.com"]

[Event "Titled Tuesday Blitz March 01 Late 2022"]
[White "Yedidia, Daniel"]
[Black "Levine, David"]
[WhiteFideId "30905907"]
[BlackFideId "2011611"]
[WhiteElo "2474"]
[BlackElo "2138"]
[Result "1-0"]
[Round "06"]
[TimeControl "180+1"]
[Date "2022.03.02"]
[WhiteClock "0:00:41"]
[BlackClock "0:00:01"]

1. d4 Nf6 2. c4 g6 3. Nc3 Bg7 4. e4 d6 5. Nf3 O-O 6. Be2 e5 7. Be3 Ng4 8. Bg5 f6 9. Bh4 Nc6 10. h3 Nh6 11. dxe5 dxe5 12. Qd5+ Nf7 13. Qxd8 Nfxd8 14. O-O-O Ne6 15. a3 Ncd4 16. Nxd4 Nxd4 17. Bd3 c6 18. f3 Be6 19. Bf2 Rfd8 20. b4 Bh6+ 21. Kb2 a5 22. h4 axb4 23. axb4 b5 24. cxb5 cxb5 25. Bb1 Bf8 26. Nd5 Bxd5 27. exd5 Bxb4 28. Bxd4 Ba3+ 29. Kb3 exd4 30. Rxd4 Bc5 31. Rd2 Ra3+ 32. Kb2 Rda8 33. Rc1 Bd6 34. Rc6 Be5+ 35. Kc2 b4 36. Rd3 Rc3+ 37. Rdxc3 bxc3 38. f4 Bxf4 39. Kxc3 Rd8 40. Be4 f5 41. Bf3 Kf7 42. Kc4 Ke7 43. Re6+ Kf7 44. Ra6 Ke7 45. Kc5 Be3+ 46. Kb5 Bf4 47. Rb6 Rd6 48. Rb7+ Rd7 49. Rb6 g5 50. Re6+ 1-0


[Site "https://www.chess.com"]

[Event "Titled Tuesday Blitz March 01 Late 2022"]
[White "Yurtseven, Melih"]
[Black "Medeiros Jr, Francisco De Assis"]
[WhiteFideId "6312160"]
[BlackFideId "2114267"]
[WhiteElo "2160"]
[BlackElo "1998"]
[Result "1-0"]
[Round "06"]
[TimeControl "180+1"]
[Date "2022.03.02"]
[WhiteClock "0:00:47"]
[BlackClock "0:00:03"]

1. e4 c6 2. Nf3 d5 3. d3 g6 4. Be2 dxe4 5. dxe4 Qxd1+ 6. Bxd1 Nf6 7. Nbd2 Bg7 8. O-O O-O 9. Re1 c5 10. e5 Nd5 11. Ne4 b6 12. a3 h6 13. c4 Nc7 14. b4 cxb4 15. axb4 Bb7 16. Bb2 Rd8 17. Bc2 Nc6 18. Bc3 a6 19. h4 Rac8 20. h5 g5 21. Ng3 b5 22. Nf5 bxc4 23. Nxg7 Kxg7 24. e6+ f6 25. Be4 Nb5 26. Bd2 c3 27. Be3 f5 28. Bxf5 Nxb4 29. Ne5 Nd5 30. Bc1 Nd4 31. Be4 Nxe6 32. Bf5 Nd4 33. Bxc8 Rxc8 34. Rd1 Nb3 35. Ra3 c2 36. Re1 Nd4 37. Rd3 Ne6 38. Ng6 Nc5 39. Rf3 e6 40. Bb2+ Kg8 41. Kh2 Nf4 42. Ne7+ Kf7 43. Nxc8 Bxf3 44. Nd6+ Ke7 45. Ba3 Kxd6 46. gxf3 Nd3 47. Ra1 Kd5 48. f4 gxf4 49. Rg1 Nb3 50. Rg6 1-0


[Site "https://www.chess.com"]

[Event "Titled Tuesday Blitz March 01 Late 2022"]
[White "Zarubitski, Viachaslau"]
[Black "Martinez Alcantara, Jose Eduardo"]
[WhiteFideId "13509373"]
[BlackFideId "3805662"]
[WhiteElo "2325"]
[BlackElo "2690"]
[Result "0-1"]
[Round "06"]
[TimeControl "180+1"]
[Date "2022.03.01"]
[WhiteClock "0:00:01"]
[BlackClock "0:00:15"]

1. e4 c5 2. Nf3 d6 3. d4 cxd4 4. Nxd4 Nf6 5. Nc3 Nc6 6. Bg5 e6 7. Qd2 a6 8. Nxc6 bxc6 9. O-O-O Be7 10. Bc4 Rb8 11. Bxf6 gxf6 12. Bb3 h5 13. Kb1 a5 14. f4 Qb6 15. Rhe1 Qc5 16. g3 Kf8 17. h3 Rb4 18. a3 Rb8 19. g4 Ba6 20. Na4 Qb5 21. f5 Qe5 22. gxh5 Rxh5 23. Rg1 Rh8 24. Qg2 Ke8 25. Qg7 Rf8 26. Qh7 exf5 27. exf5 d5 28. Rge1 Qd6 29. Nc3 Rb7 30. Ne4 Qe5 31. Nc5 Qc7 32. Nxb7 Bxb7 33. c4 Qb6 34. Ba2 d4 35. Qh4 c5 36. Qg3 Bc8 37. Re2 Bxf5+ 38. Ka1 Be6 39. Rde1 Kd7 40. h4 Rb8 41. h5 Bd6 42. Qh4 d3 43. Rd2 Be5 44. Rxd3+ Ke8 45. Rb3 Qc7 46. Rxb8+ Qxb8 47. Re2 Qd6 48. Qe1 Bg4 49. Rd2 Qe6 50. h6 Bxb2+ 51. Kxb2 Qxe1 0-1


[Site "https://www.chess.com"]

[Event "Titled Tuesday Blitz March 01 Late 2022"]
[White "Zhou, Qiyu"]
[Black "Donatti, Alvaro"]
[WhiteFideId "505161"]
[BlackFideId "3000303"]
[WhiteElo "1925"]
[BlackElo "2138"]
[Result "1-0"]
[Round "06"]
[TimeControl "180+1"]
[Date "2022.03.02"]
[WhiteClock "0:00:04"]
[BlackClock "0:00:01"]

1. e4 c5 2. Nf3 e6 3. d4 cxd4 4. Nxd4 Bc5 5. Be3 Bb6 6. c4 Nc6 7. Nc3 Nge7 8. Be2 O-O 9. O-O f5 10. exf5 Nxf5 11. Nxf5 Rxf5 12. Bd3 Rf7 13. c5 Bc7 14. Nb5 Be5 15. Rb1 a6 16. Nd6 Bxd6 17. cxd6 b5 18. a3 Bb7 19. Be4 Qh4 20. f3 Rc8 21. Rc1 Rff8 22. b4 Qf6 23. Qd2 Ba8 24. Rc2 Ne5 25. Bd4 Rxc2 26. Bxc2 Nc4 27. Qd3 Qh6 28. Bb3 Nd2 29. Rd1 Nxb3 30. Qxb3 Qg6 31. Qd3 Qg5 32. Rf1 Qd5 33. Qc3 g6 34. Bc5 e5 35. Re1 e4 36. Rxe4 Qd1+ 37. Re1 Qd5 38. Qe3 Bc6 39. Qd4 Qxd4+ 40. Bxd4 Bd5 41. Re7 1-0


[Site "https://www.chess.com"]

[Event "Titled Tuesday Blitz March 01 Late 2022"]
[White "Al-Tarboush, Ward"]
[Black "Janturin, Artur"]
[WhiteFideId "7601450"]
[BlackFideId "4130022"]
[WhiteElo "2276"]
[BlackElo "2347"]
[Result "1-0"]
[Round "07"]
[TimeControl "180+1"]
[Date "2022.03.02"]
[WhiteClock "0:02:04"]
[BlackClock "0:00:18"]

1. d4 e6 2. e4 d5 3. exd5 exd5 4. Bd3 Bd6 5. Nc3 c6 6. Nge2 Nf6 7. Bg5 O-O 8. Qd2 b5 9. f3 a5 10. O-O-O a4 11. Rdg1 b4 12. Nd1 b3 13. a3 bxc2 14. Qxc2 h6 15. h4 Ba6 16. g4 Bxd3 17. Qxd3 Re8 18. Bxh6 gxh6 19. g5 Kf8 20. gxf6 Qxf6 21. Nec3 Nd7 22. Qh7 Nb6 23. Kb1 Nc4 24. Ka2 Rab8 25. Nxa4 Re2 26. Rg8+ Ke7 27. Rxb8 Bxb8 28. Qd3 Rd2 29. Qb3 Bd6 30. Qb7+ Kf8 31. Qc8+ Kg7 32. Rg1+ 1-0


[Site "https://www.chess.com"]

[Event "Titled Tuesday Blitz March 01 Late 2022"]
[White "Araujo Filho, Luiz Antonio Coel"]
[Black "Atanejhad, Sahebali"]
[WhiteFideId "2130661"]
[BlackFideId "12506664"]
[WhiteElo "2208"]
[BlackElo "1978"]
[Result "0-1"]
[Round "07"]
[TimeControl "180+1"]
[Date "2022.03.02"]
[WhiteClock "0:00:04"]
[BlackClock "0:00:07"]

1. d4 Nf6 2. Nf3 c5 3. e3 d5 4. c3 Nc6 5. Nbd2 Bg4 6. Qa4 Bd7 7. Qd1 Bg4 8. Qa4 Bd7 9. Qd1 Qc7 10. Bd3 e5 11. dxe5 Nxe5 12. Nxe5 Qxe5 13. O-O Bd6 14. Nf3 Qh5 15. Re1 O-O-O 16. Bf1 Ne4 17. h3 Bc6 18. Qc2 g5 19. Nh2 f5 20. f4 g4 21. Qe2 Qh4 22. hxg4 Ng3 23. Qf2 fxg4 24. Rd1 Rhf8 25. b4 d4 26. cxd4 cxb4 27. d5 Bd7 28. Bb2 Kb8 29. Rac1 Bf5 30. Bd4 Be4 31. Rd2 h5 32. Rb2 Nf5 33. Qxh4 Nxh4 34. a3 Nf5 35. axb4 Nxd4 36. exd4 Bxf4 37. Re1 Bxd5 38. Re7 Bxh2+ 39. Kxh2 Rxf1 40. b5 Rdf8 41. b6 axb6 42. Rxb6 R1f2 43. Kg3 Rxg2+ 44. Kh4 Rh2+ 45. Kg5 g3 46. Rd7 Bc6 47. Rd6 g2 48. Rdxc6 g1=Q+ 49. Kh6 Qe3+ 0-1


[Site "https://www.chess.com"]

[Event "Titled Tuesday Blitz March 01 Late 2022"]
[White "Ardila, Oscar Humberto"]
[Black "Mickiewicz, Piotr"]
[WhiteFideId "4404742"]
[BlackFideId "1114891"]
[WhiteElo "1898"]
[BlackElo "2266"]
[Result "0-1"]
[Round "07"]
[TimeControl "180+1"]
[Date "2022.03.02"]
[WhiteClock "0:00:01"]
[BlackClock "0:00:29"]

1. d4 e6 2. c4 Bb4+ 3. Bd2 a5 4. Nf3 Nf6 5. e3 O-O 6. Bd3 d6 7. Qc2 Nc6 8. a3 Bxd2+ 9. Nbxd2 e5 10. O-O Bg4 11. h3 Bh5 12. d5 Nb8 13. b4 axb4 14. axb4 Rxa1 15. Rxa1 Na6 16. Rb1 Re8 17. Ne1 e4 18. Nxe4 Nxe4 19. Bxe4 Rxe4 20. Qxe4 Bg6 21. Qd4 Bxb1 22. e4 Qe8 23. f3 Qa4 24. Qa7 h6 25. Qxb7 Qxb4 26. Qxa6 Qxe1+ 27. Kh2 g6 28. Qc8+ Kg7 29. Qxc7 Qc3 30. Kg1 Qc1+ 31. Kh2 Qf4+ 32. Kg1 Bd3 33. Kf2 Bxe4 34. c5 Qd2+ 35. Kg3 Bxd5 36. Qxd6 Qg5+ 37. Kf2 Be6 38. c6 Qh4+ 39. Kg1 Qe1+ 40. Kh2 Qc3 41. c7 g5 42. Qd8 Qc5 43. Kg3 h5 44. h4 Qe5+ 45. Kf2 Qb2+ 46. Kg3 Qe5+ 47. Kf2 Qc5+ 48. Kg3 g4 49. fxg4 Bxg4 50. Kh2 Qe5+ 51. Kg1 Qc3 52. Qg5+ Kh7 0-1


[Site "https://www.chess.com"]

[Event "Titled Tuesday Blitz March 01 Late 2022"]
[White "Ashiev, Eduard"]
[Black "Cagara, Paulina"]
[WhiteFideId "4130090"]
[BlackFideId "1124870"]
[WhiteElo "2004"]
[BlackElo "1828"]
[Result "1/2-1/2"]
[Round "07"]
[TimeControl "180+1"]
[Date "2022.03.02"]
[WhiteClock "0:00:10"]
[BlackClock "0:00:03"]

1. d4 f5 2. Bg5 h6 3. Bh4 g5 4. e3 Nf6 5. Bg3 Bg7 6. c4 O-O 7. Nc3 c5 8. Bd3 cxd4 9. Nb5 dxe3 10. fxe3 d6 11. Ne2 Qb6 12. O-O Ng4 13. Kh1 a6 14. Nbc3 Nxe3 15. Nd5 Nxd5 16. cxd5 f4 17. Bf2 Qxb2 18. Bd4 Bxd4 19. Nxd4 Nd7 20. Rb1 Qxa2 21. Qh5 Ne5 22. Qxh6 Nxd3 23. Qxg5+ Kh8 24. Qh6+ Kg8 25. Qg6+ Kh8 26. Qh6+ Kg8 27. Qg6+ Kh8 28. Qh6+ 1/2-1/2


[Site "https://www.chess.com"]

[Event "Titled Tuesday Blitz March 01 Late 2022"]
[White "Avila Pavas, Santiago"]
[Black "Rosen, Eric"]
[WhiteFideId "4437128"]
[BlackFideId "2032562"]
[WhiteElo "2242"]
[BlackElo "2362"]
[Result "0-1"]
[Round "07"]
[TimeControl "180+1"]
[Date "2022.03.01"]
[WhiteClock "0:00:02"]
[BlackClock "0:00:10"]

1. d4 d5 2. Bf4 Nf6 3. e3 c5 4. c3 Nc6 5. Nd2 cxd4 6. exd4 Bf5 7. Ngf3 e6 8. Qb3 Bd6 9. Bxd6 Qxd6 10. Be2 O-O 11. O-O Rab8 12. Rfe1 a6 13. Bf1 b5 14. Ne5 Nd7 15. Nxc6 Qxc6 16. Nf3 Rfc8 17. Re3 h6 18. Rae1 Qc7 19. h3 Nb6 20. Nh4 Bh7 21. Rg3 Nc4 22. Qd1 Nxb2 23. Qh5 Nc4 24. Rg4 Kh8 25. Bxc4 bxc4 26. Nf3 Bf5 27. Rg3 Rb2 28. Ne5 f6 29. Nf7+ Kh7 30. Rxe6 Qxg3 31. fxg3 Bxe6 32. Nd6 Rcb8 33. Nf5 Rxa2 34. Kh1 Rb1+ 35. Kh2 Rbb2 36. Ne3 Re2 37. Qf3 Bf7 38. g4 Bg6 39. Kg3 Be4 40. Qf1 Rxe3+ 41. Kf4 Rxc3 0-1


[Site "https://www.chess.com"]

[Event "Titled Tuesday Blitz March 01 Late 2022"]
[White "Babazada, Khazar"]
[Black "Caruana, Fabiano"]
[WhiteFideId "13413554"]
[BlackFideId "2020009"]
[WhiteElo "2418"]
[BlackElo "2744"]
[Result "0-1"]
[Round "07"]
[TimeControl "180+1"]
[Date "2022.03.01"]
[WhiteClock "0:00:16"]
[BlackClock "0:00:10"]

1. e4 e5 2. Nf3 Nc6 3. Bb5 a6 4. Ba4 d6 5. O-O Bd7 6. c3 g6 7. d4 Bg7 8. d5 Nce7 9. c4 h6 10. Nc3 f5 11. exf5 gxf5 12. Re1 Nf6 13. Bc2 O-O 14. Nh4 Qe8 15. c5 Qf7 16. Qf3 e4 17. Qg3 Nh5 18. Qh3 Rad8 19. c6 bxc6 20. dxc6 Be6 21. Ne2 Nxc6 22. g3 d5 23. Nf4 Nxf4 24. Bxf4 d4 25. Bd1 d3 26. Ng2 Qf6 27. Bxc7 Rc8 28. Bd6 Rfd8 29. Bf4 Qxb2 30. Bb3 Bxb3 31. axb3 Nd4 32. Kh1 d2 33. Red1 Nf3 34. Qxf5 Qxb3 35. Rab1 Qd5 36. Qg4 h5 37. Qg6 Rc6 0-1


[Site "https://www.chess.com"]

[Event "Titled Tuesday Blitz March 01 Late 2022"]
[White "Balint, Vilmos"]
[Black "Khabinets, Ivan"]
[WhiteFideId "718050"]
[BlackFideId "14115980"]
[WhiteElo "2059"]
[BlackElo "2114"]
[Result "0-1"]
[Round "07"]
[TimeControl "180+1"]
[Date "2022.03.02"]
[WhiteClock "0:01:35"]
[BlackClock "0:00:48"]

1. d4 Nf6 2. Nc3 g6 3. e4 d5 4. e5 Ne4 5. Nge2 Nxc3 6. Nxc3 Bg7 7. Be3 O-O 8. h4 Be6 9. h5 c5 10. hxg6 fxg6 11. Bd3 cxd4 12. Bxd4 Nc6 13. Be2 Rf4 14. Be3 Rb4 15. a3 Rxb2 16. Na4 Qa5+ 17. c3 Rxe2+ 18. Kxe2 Nxe5 19. Bd4 Rf8 20. f3 Bd7 21. Nc5 Bb5+ 22. Kf2 Nd3+ 23. Kg1 e5 24. a4 Bc4 25. Nxb7 Qc7 26. Bxa7 Qxb7 27. Bf2 Nxf2 28. Kxf2 Qb2+ 29. Kg3 e4 30. a5 Be5+ 31. Kh3 Qf2 32. Qe1 Rxf3+ 33. gxf3 Qxf3+ 34. Kh4 Bf6# 0-1


[Site "https://www.chess.com"]

[Event "Titled Tuesday Blitz March 01 Late 2022"]
[White "Beerdsen, Thomas"]
[Black "Jobava, Baadur"]
[WhiteFideId "1030108"]
[BlackFideId "13601520"]
[WhiteElo "2585"]
[BlackElo "2617"]
[Result "1-0"]
[Round "07"]
[TimeControl "180+1"]
[Date "2022.03.01"]
[WhiteClock "0:01:36"]
[BlackClock "0:00:01"]

1. e4 c6 2. d4 d5 3. f3 e6 4. Nc3 Nf6 5. Bd3 c5 6. Bb5+ Nc6 7. Nge2 dxe4 8. fxe4 cxd4 9. Nxd4 Bd7 10. Nxc6 bxc6 11. Bd3 Bd6 12. O-O O-O 13. Bg5 Be5 14. Bxf6 Bxf6 15. e5 Bxe5 16. Bxh7+ Kxh7 17. Qh5+ Kg8 18. Qxe5 Qb6+ 19. Kh1 Qxb2 20. Rad1 Rad8 21. Rd3 Bc8 22. Nd5 cxd5 23. Qxb2 Ba6 24. Rg3 d4 25. Rf4 e5 26. Rfg4 g6 27. Qa3 Bc8 28. Rg5 Be6 29. Qe7 Rfe8 30. Qf6 Kf8 31. Rxg6 1-0


[Site "https://www.chess.com"]

[Event "Titled Tuesday Blitz March 01 Late 2022"]
[White "Bellissimo, Joseph F."]
[Black "Saraci, Nderim"]
[WhiteFideId "2609843"]
[BlackFideId "6351921"]
[WhiteElo "2061"]
[BlackElo "2573"]
[Result "0-1"]
[Round "07"]
[TimeControl "180+1"]
[Date "2022.03.01"]
[WhiteClock "0:00:19"]
[BlackClock "0:00:27"]

1. e4 c5 2. Nf3 e6 3. c3 Nf6 4. e5 Nd5 5. d4 Nc6 6. Bc4 Nb6 7. Bd3 cxd4 8. cxd4 d6 9. O-O Be7 10. Nc3 dxe5 11. dxe5 Nb4 12. Bb5+ Bd7 13. Be2 Bc6 14. Nd4 O-O 15. Be3 Rc8 16. Bf3 Bxf3 17. Qxf3 N6d5 18. Rfd1 Nxc3 19. Nc6 Nxd1 20. Nxd8 Nxe3 21. Qxb7 Rfxd8 22. Qxe7 Nc6 23. Qh4 Nf5 24. Qf4 h6 25. g3 Ncd4 26. Qe4 Rc2 27. b3 Ne2+ 28. Kh1 Rdd2 29. Qa8+ Kh7 30. Qxa7 Ned4 31. Rf1 Ne3 32. Rg1 Rxf2 0-1


[Site "https://www.chess.com"]

[Event "Titled Tuesday Blitz March 01 Late 2022"]
[White "Bon, Michael"]
[Black "Donatti, Alvaro"]
[WhiteFideId "620696"]
[BlackFideId "3000303"]
[WhiteElo "2372"]
[BlackElo "2138"]
[Result "0-1"]
[Round "07"]
[TimeControl "180+1"]
[Date "2022.03.02"]
[WhiteClock "0:00:01"]
[BlackClock "0:01:02"]

1. e4 c5 2. Nf3 e6 3. d4 cxd4 4. Nxd4 Bc5 5. Nc3 Ne7 6. Be3 Bb6 7. Ndb5 Bxe3 8. Nd6+ Kf8 9. Qf3 Bd2+ 10. Kxd2 f6 11. e5 f5 12. g4 Nbc6 13. gxf5 exf5 14. Nxf5 Nxf5 15. Qxf5+ Ke8 16. Bc4 d5 17. e6 dxc4+ 18. Kc1 Qf6 19. Qxf6 gxf6 20. Re1 Rg8 21. Nd5 Rg2 22. Nc7+ Ke7 23. Nxa8 Bxe6 24. Nc7 Nd4 25. Nxe6 Nxe6 26. b3 Rxf2 27. bxc4 Rxh2 28. Rb1 b6 29. c5 Kf7 30. cxb6 axb6 31. Rxb6 Nd4 32. Rb7+ Kg6 33. Rc7 f5 34. a4 f4 35. a5 Rh5 36. Re4 Nb5 0-1


[Site "https://www.chess.com"]

[Event "Titled Tuesday Blitz March 01 Late 2022"]
[White "Bortnyk, Olexandr"]
[Black "Suleymanli, Aydin"]
[WhiteFideId "14120828"]
[BlackFideId "13413937"]
[WhiteElo "2723"]
[BlackElo "2529"]
[Result "0-1"]
[Round "07"]
[TimeControl "180+1"]
[Date "2022.03.01"]
[WhiteClock "0:00:01"]
[BlackClock "0:00:07"]

1. d4 Nf6 2. Bf4 d6 3. Nf3 g6 4. Nc3 Bf5 5. Qd2 c6 6. Nh4 Bc8 7. e4 b5 8. a3 h6 9. Nf3 Bg4 10. Be2 Bg7 11. h3 Bxf3 12. Bxf3 Nfd7 13. Rd1 e5 14. dxe5 dxe5 15. Be3 Qc7 16. O-O Nb6 17. Be2 N8d7 18. Qd6 Rc8 19. Bg4 Bf8 20. Qd3 Rd8 21. Nxb5 cxb5 22. Qxb5 Bd6 23. Rd3 O-O 24. Rfd1 Nf6 25. Bxh6 Rfe8 26. Bg5 Be7 27. Bxf6 Bxf6 28. c3 Kg7 29. Be2 Rxd3 30. Rxd3 Rb8 31. Qb3 Nc4 32. Qc2 Rxb2 33. Qd1 Qb6 34. Kh2 Qxf2 35. Bf3 Ne3 0-1


[Site "https://www.chess.com"]

[Event "Titled Tuesday Blitz March 01 Late 2022"]
[White "Boyer, Mahel"]
[Black "Hua, Lefong"]
[WhiteFideId "45102422"]
[BlackFideId "2602253"]
[WhiteElo "2328"]
[BlackElo "2596"]
[Result "0-1"]
[Round "07"]
[TimeControl "180+1"]
[Date "2022.03.01"]
[WhiteClock "0:00:02"]
[BlackClock "0:00:48"]

1. e4 c5 2. Nf3 g6 3. c3 Nc6 4. d4 d5 5. exd5 Qxd5 6. Be3 cxd4 7. cxd4 Nf6 8. Nc3 Qa5 9. d5 Nb8 10. Be2 Bg7 11. O-O O-O 12. h3 Rd8 13. Bc4 e6 14. Bb3 Nxd5 15. Nxd5 exd5 16. Bg5 Re8 17. Qxd5 Qxd5 18. Bxd5 Nc6 19. Rfe1 Bf5 20. Rxe8+ Rxe8 21. Bxc6 bxc6 22. Rc1 Be4 23. b3 h6 24. Be3 a6 25. Rc4 f5 26. Ra4 Bd3 27. Bd4 Bb5 28. Ra5 Bf8 29. a4 Bb4 30. axb5 Bxa5 31. bxa6 Bb4 32. a7 c5 33. Be3 Ra8 34. Bxh6 Rxa7 35. Ne5 Ra3 36. Be3 Rxb3 37. Nxg6 c4 38. Kf1 c3 39. Ke2 c2 40. Nh4 Rxe3+ 41. fxe3 c1=Q 42. Nxf5 Qd2+ 43. Kf3 Kf7 44. g4 Kf6 45. h4 Bc5 46. Ke4 Qg2+ 47. Kf4 Qf2+ 48. Ke4 Ke6 49. h5 Qc2+ 50. Kf4 Bd6+ 51. Kf3 Qc6+ 52. Kf2 Kf6 53. Nd4 Qe4 54. g5+ Kxg5 55. h6 Kxh6 56. Ne2 Kg5 57. Nc1 Qc2+ 58. Ne2 Kg4 59. Kf1 Bc5 0-1


[Site "https://www.chess.com"]

[Event "Titled Tuesday Blitz March 01 Late 2022"]
[White "Calcada, Lucas Galvan"]
[Black "Mikhalsky, Vladimir"]
[WhiteFideId "22746099"]
[BlackFideId "14144352"]
[WhiteElo "1402"]
[BlackElo "2248"]
[Result "1-0"]
[Round "07"]
[TimeControl "180+1"]
[Date "2022.03.02"]
[WhiteClock "0:00:20"]
[BlackClock "0:00:07"]

1. e4 c5 2. Nf3 Nc6 3. d4 cxd4 4. Nxd4 Nf6 5. Nc3 e5 6. Ndb5 d6 7. Nd5 Nxd5 8. exd5 Ne7 9. c3 Ng6 10. a4 Be7 11. Be3 a6 12. Na3 f5 13. f3 Bh4+ 14. g3 f4 15. Bf2 fxg3 16. hxg3 Bg5 17. Nc4 O-O 18. Bg2 Qc7 19. Nb6 Rb8 20. a5 e4 21. f4 e3 22. Bxe3 Re8 23. Kf2 Bf6 24. Qh5 Rxe3 25. Qxh7+ Kf7 26. Kxe3 Qc5+ 27. Kf3 Bf5 28. Qh5 Be4+ 29. Kxe4 Qf2 30. Qf3 Re8+ 31. Kf5 Qc2+ 32. Kg4 Qxb2 33. Rae1 Rf8 34. Qe4 Ne7 35. Qe6+ Ke8 36. Be4 Qxc3 37. Bg6+ Kd8 38. Qd7# 1-0


[Site "https://www.chess.com"]

[Event "Titled Tuesday Blitz March 01 Late 2022"]
[White "Cardoso Cardoso, Jose Gabriel"]
[Black "Gracia Alvarez, Gerardo Antonio"]
[WhiteFideId "4430492"]
[BlackFideId "5109124"]
[WhiteElo "2781"]
[BlackElo "2488"]
[Result "1-0"]
[Round "07"]
[TimeControl "180+1"]
[Date "2022.03.02"]
[WhiteClock "0:00:02"]
[BlackClock "0:00:02"]

1. d4 Nf6 2. c4 c5 3. d5 b5 4. cxb5 a6 5. b6 d6 6. Nc3 Nbd7 7. e4 g6 8. a4 Nxb6 9. a5 Nbd7 10. Nf3 Bg7 11. Be2 O-O 12. O-O Rb8 13. Nd2 Bb7 14. Nc4 Ne8 15. Bg5 h6 16. Bh4 g5 17. Bg3 Nc7 18. h4 Nb5 19. hxg5 hxg5 20. Qd2 Bf6 21. f4 Bd4+ 22. Kh2 Kg7 23. Bf2 Rh8+ 24. Kg1 Qg8 25. Nxb5 Bxf2+ 26. Kxf2 axb5 27. Nb6 Nxb6 28. axb6 Qh7 29. Qc3+ Kg8 30. Rh1 Qxh1 31. Rxh1 Rxh1 32. Bxb5 gxf4 33. Qf3 Bc8 34. Qxf4 Rxb6 35. Qg3+ Kf8 36. Qd3 Rc1 37. Kg3 c4 38. Qd4 Rxb5 39. Qh8# 1-0


[Site "https://www.chess.com"]

[Event "Titled Tuesday Blitz March 01 Late 2022"]
[White "Carre, Sylvain"]
[Black "Morales Flores, Monserrat"]
[WhiteFideId "642118"]
[BlackFideId "3412016"]
[WhiteElo "2105"]
[BlackElo "2028"]
[Result "1-0"]
[Round "07"]
[TimeControl "180+1"]
[Date "2022.03.02"]
[WhiteClock "0:00:07"]
[BlackClock "0:01:37"]

1. d4 Nf6 2. Bf4 g6 3. e3 Bg7 4. Be2 O-O 5. Nf3 d6 6. O-O b6 7. c4 Bb7 8. Nc3 Nbd7 9. b4 Ne4 10. Nxe4 Bxe4 11. Rc1 e5 12. Bg3 f5 13. c5 bxc5 14. bxc5 g5 15. dxe5 Nxe5 16. cxd6 cxd6 17. Nxe5 dxe5 18. f3 Bd5 19. Bc4 Bxc4 20. Rxc4 f4 21. exf4 exf4 22. Bf2 Qf6 23. Bd4 Qa6 24. Bxg7 Qxc4 25. Bxf8 Rxf8 26. Qb3 Qxb3 27. axb3 Rb8 28. Ra1 Rxb3 29. Rxa7 Rb1+ 30. Kf2 Rb2+ 31. Kg1 Rb1+ 32. Kf2 Rb2+ 33. Kg1 Rb5 34. h3 h5 35. Ra4 Kg7 36. h4 Kg6 37. hxg5 Kxg5 38. Ra2 Kh4 39. Kh2 Rb4 40. Ra5 Rd4 41. Re5 Rd6 42. Rc5 Rf6 43. Rb5 Rf7 44. Ra5 Rf8 45. Rb5 Rf6 46. Rb4 Kg5 47. Kh3 Rf5 48. Rb6 h4 49. Rb8 Kh5 50. Rh8+ Kg6 51. Rxh4 Kg5 52. Rh8 Ra5 53. Rg8+ Kf6 54. Kg4 Ra4 55. Rf8+ Ke5 56. Rf5+ Ke6 57. Rxf4 Ra2 58. g3 Ke5 59. Rf5+ Ke6 60. f4 Ra3 61. Rg5 Kf6 62. Re5 Ra4 63. Rb5 Ra6 64. Rc5 Rd6 65. Kh4 Kg6 66. g4 Rd1 67. Rc6+ Kg7 68. Kg5 Rd5+ 69. f5 Rd4 70. Ra6 Rd7 71. Rb6 Rc7 72. Kh5 Rc5 73. Rb7+ Kf6 74. Rb6+ Kf7 75. Ra6 Rb5 76. Ra7+ Kf6 77. Rh7 Rb1 78. Rh6+ Kf7 79. Kg5 Rg1 80. Rh7+ Kg8 81. Rb7 Kf8 82. f6 Rc1 83. Kg6 Rc8 84. g5 Kg8 85. Rg7+ Kf8 86. Rh7 1-0


[Site "https://www.chess.com"]

[Event "Titled Tuesday Blitz March 01 Late 2022"]
[White "Chernomordik, Pavel"]
[Black "Guz, Ari"]
[WhiteFideId "2804530"]
[BlackFideId "2825759"]
[WhiteElo "2431"]
[BlackElo "2572"]
[Result "1-0"]
[Round "07"]
[TimeControl "180+1"]
[Date "2022.03.02"]
[WhiteClock "0:00:08"]
[BlackClock "0:00:11"]

1. e4 c5 2. Nc3 e6 3. f4 b6 4. Nf3 Bb7 5. d4 cxd4 6. Nxd4 Nc6 7. Ndb5 a6 8. Nd6+ Bxd6 9. Qxd6 Nge7 10. Be3 Nc8 11. Qd2 O-O 12. O-O-O d6 13. h4 Qc7 14. h5 b5 15. h6 g6 16. f5 b4 17. Na4 Qa5 18. b3 Qe5 19. Kb1 Qxe4 20. Bd3 Qg4 21. fxg6 fxg6 22. Qe1 Ne5 23. Rh4 Qxg2 24. Qxb4 Bf3 25. Rg1 Nxd3 26. Qc3 Qxg1+ 27. Bxg1 Ne5 28. Qc7 Rf7 29. Qd8+ Rf8 30. Qg5 Bd5 31. Rf4 Rxf4 32. Qxf4 Nf7 33. Qf6 Nxh6 34. Qd8+ Kf7 35. Bd4 e5 36. Bxe5 Nf5 37. Qf6+ Ke8 38. Qh8+ Kd7 39. Qxh7+ Nfe7 40. Bd4 Rb8 41. Nc3 Be6 42. Qh1 Rb4 43. Qg1 a5 44. a3 Rb7 45. Ne4 a4 46. Nf6+ Kc7 47. b4 Nb6 48. Ne8+ Kd7 49. Bxb6 Kxe8 50. Be3 Kd7 51. Qg5 Rc7 52. Qa5 Rc3 53. Qxa4+ Kc8 54. Bd2 Rg3 55. Qe8+ Kc7 56. Qxe7+ Bd7 57. Bf4 Rg1+ 58. Kb2 Rd1 59. b5 Rd5 60. c4 Rd4 61. Qe3 Rxc4 62. a4 Rxa4 63. Qc5+ Kd8 64. Bxd6 Ra8 65. Qc7+ Ke8 66. b6 Rc8 67. b7 Rxc7 68. Bxc7 1-0


[Site "https://www.chess.com"]

[Event "Titled Tuesday Blitz March 01 Late 2022"]
[White "Clawitter, Craig"]
[Black "Desideri, Ricardo Maruchi"]
[WhiteFideId "2023105"]
[BlackFideId "2110440"]
[WhiteElo "2224"]
[BlackElo "1945"]
[Result "1-0"]
[Round "07"]
[TimeControl "180+1"]
[Date "2022.03.02"]
[WhiteClock "0:00:09"]
[BlackClock "0:00:19"]

1. e4 c5 2. Nf3 d6 3. d4 cxd4 4. Nxd4 Nf6 5. Nc3 a6 6. Be3 e6 7. f4 Qc7 8. Qf3 b5 9. O-O-O Nbd7 10. a3 Bb7 11. Kb1 Rc8 12. g4 Nc5 13. Bd3 Be7 14. g5 Nfd7 15. f5 Ne5 16. Qh3 Nexd3 17. cxd3 e5 18. Nde2 f6 19. Qh5+ Kd7 20. Bxc5 Qxc5 21. d4 Bxe4+ 22. Nxe4 Qc2+ 23. Ka1 Qxe4 24. Ng3 Qc6 25. dxe5 fxe5 26. Qf7 Rhf8 27. Qe6+ Ke8 28. f6 gxf6 29. Nf5 Qd7 30. Nxd6+ Kd8 31. Nxc8 1-0


[Site "https://www.chess.com"]